[Event "ICC tourney 2605 (40 5)"]
[Site "Internet Chess Club"]
[Date "2021.06.13"]
[Round "5"]
[White "SETHURAMAN, SANDEEP:K09-15472832"]
[Black "KAPLAN, AVI HARRISON:K09-15263943"]
[Result "0-1"]
[ICCResult "White forfeits on time"]
[WhiteElo "2194"]
[BlackElo "2116"]
[Opening "Benkö gambit: main line"]
[ECO "A59"]
[NIC "BI.45"]
[Time "14:00:14"]
[PlyCount "96"]
[TimeControl "2400+5"]

1. d4 Nf6 2. c4 c5 3. d5 b5 4. cxb5 a6 5. bxa6 Bxa6 6. Nc3 d6 7. e4 Bxf1 8.
Kxf1 g6 9. Nf3 Bg7 10. g3 O-O 11. Kg2 Nbd7 12. a4 Ra6 13. Qe2 Qa8 14. Bd2
e6 15. Nb5 Ne8 16. Bc3 Rxa4 17. Rxa4 Qxa4 18. Bxg7 Kxg7 19. dxe6 fxe6 20.
Rd1 Qa6 21. Ng5 Rf6 22. Rd2 Qc6 23. f4 e5 24. Nc3 h6 25. Nh3 Nc7 26. Nd5
Nxd5 27. exd5 Qa4 28. fxe5 Nxe5 29. Nf4 Kf7 30. Ne6 Qa5 31. Rc2 c4 32. Qe4
Nd3 33. Re2 Ne5 34. h4 Qa1 35. Nf4 Qd1 36. h5 Kg8 37. hxg6 h5 38. Rf2 Qg4
39. Qe3 h4 40. g7 Qxg7 41. Nh5 Rxf2+ 42. Qxf2 Qg6 43. Nf4 Qe4+ 44. Kh3 Qf5+
45. Kg2 Qg4 46. Ne6 h3+ 47. Kh2 Nf3+ 48. Kh1 Qe4 { White forfeits on time }
0-1

[Event "ICC tourney 2605 (40 5)"]
[Site "Internet Chess Club"]
[Date "2021.06.13"]
[Round "5"]
[White "SHUMAN, NATHANIEL LANDE:K09-14782020"]
[Black "ZONG, DAVIS:K09-14980186"]
[Result "1-0"]
[ICCResult "Black resigns"]
[WhiteElo "2133"]
[BlackElo "2270"]
[Opening "Queen's pawn, Mason variation"]
[ECO "D00"]
[NIC "QP.08"]
[Time "14:00:15"]
[PlyCount "103"]
[TimeControl "2400+5"]

1. d4 d5 2. Bf4 Nf6 3. e3 c5 4. dxc5 e6 5. b4 Be7 6. Nd2 O-O 7. Ngf3 a5 8.
c3 b6 9. cxb6 axb4 10. cxb4 Bxb4 11. Bc7 Qe7 12. Be2 Ne4 13. Qc2 Na6 14.
O-O Nxc7 15. bxc7 Nxd2 16. Nxd2 Ra7 17. Nb3 Rxc7 18. Qd3 Rc3 19. Qd4 Bb7
20. Rac1 Rfc8 21. Rxc3 Bxc3 22. Qb6 g6 23. Rc1 Kg7 24. h3 e5 25. Bf3 f5 26.
a4 e4 27. Be2 Rc6 28. Qa7 Rc7 29. a5 Be5 30. a6 Bc6 31. Qb6 Ba4 32. Rxc7
Qxc7 33. Qxc7+ Bxc7 34. a7 Bc6 35. Nd4 Bb7 36. Ne6+ Kf6 37. Nxc7 Ke5 38.
a8=Q Bxa8 39. Nxa8 d4 40. exd4+ Kxd4 41. Nc7 Ke5 42. h4 f4 43. Kh2 h6 44.
Kh3 h5 45. g4 f3 46. Bb5 Kd4 47. Ne6+ Kc3 48. g5 Kd2 49. Kg3 Ke1 50. Nf4 e3
51. fxe3 f2 52. Nd3+ { Black resigns } 1-0

[Event "ICC tourney 2605 (40 5)"]
[Site "Internet Chess Club"]
[Date "2021.06.13"]
[Round "5"]
[White "HU, MERRIC:K09-14686967"]
[Black "MOU, IRIS:K09-15794244"]
[Result "1-0"]
[ICCResult "Black checkmated"]
[WhiteElo "2275"]
[BlackElo "2059"]
[Opening "Caro-Kann: advance variation"]
[ECO "B12"]
[NIC "CK.04"]
[Time "14:00:23"]
[PlyCount "131"]
[TimeControl "2400+5"]

1. e4 c6 2. d4 d5 3. e5 Bf5 4. Nf3 e6 5. Be2 c5 6. c3 Nc6 7. Nbd2 Qb6 8.
Nb3 cxd4 9. Nfxd4 Nge7 10. f4 Be4 11. O-O Nf5 12. Kh1 Be7 13. Nxf5 Bxf5 14.
Bf3 h6 15. a4 O-O 16. a5 Qc7 17. Be3 f6 18. exf6 Bxf6 19. g4 Bh7 20. Nc5
Rfe8 21. Nxe6 Rxe6 22. Bxd5 Be4+ 23. Bxe4 Kh8 24. Qf3 Rae8 25. Bxc6 Rxe3
26. Bxe8 Rxf3 27. Rxf3 Qe7 28. Bg6 Qe2 29. Raf1 Be7 30. b4 Qe6 31. Bf5 Qc6
32. Kg2 g6 33. Bc2 Bxb4 34. cxb4 Qxc2+ 35. R1f2 Qe4 36. h3 Qxb4 37. f5 gxf5
38. Rxf5 Qe4+ 39. Kg3 Qe3+ 40. Kh4 Qe7+ 41. Kh5 Qe8+ 42. Rf7 Qe5+ 43. R2f5
Qe6 44. Rxb7 Qe8+ 45. Rbf7 a6 46. Kxh6 Qe3+ 47. Kg6 Qe6+ 48. Kh5 Qe8 49. h4
Kg8 50. Kh6 Qe6+ 51. R5f6 Qe3+ 52. g5 Qe8 53. Rg7+ Kh8 54. Rh7+ Kg8 55.
Rg6+ Kf8 56. Rh8+ Kf7 57. Rg7+ Ke6 58. Rxe8+ Kf5 59. Rf7+ Kg4 60. g6 Kxh4
61. g7 Kh3 62. g8=Q Kh4 63. Qg5+ Kh3 64. Rf3+ Kh2 65. Re2+ Kh1 66. Qg2# {
Black checkmated } 1-0

[Event "ICC tourney 2605 (40 5)"]
[Site "Internet Chess Club"]
[Date "2021.06.13"]
[Round "5"]
[White "LIM, TIMOTHY:K09-16139198"]
[Black "WISNIOWSKI, NATALIE:K09-15702390"]
[Result "0-1"]
[ICCResult "White resigns"]
[WhiteElo "1846"]
[BlackElo "2006"]
[Opening "Sicilian: Smith-Morra gambit"]
[ECO "B21"]
[NIC "SI.47"]
[Time "14:00:13"]
[PlyCount "120"]
[TimeControl "2400+5"]

1. e4 c5 2. d4 cxd4 3. c3 Nf6 4. e5 Nd5 5. Nf3 Nc6 6. cxd4 d6 7. exd6 Qxd6
8. Na3 Bg4 9. Be2 g6 10. Nc4 Qc7 11. O-O Bg7 12. Ne3 Nxe3 13. Bxe3 O-O 14.
Qa4 Rfd8 15. Rac1 Qd6 16. Rfd1 Rac8 17. h3 Bf5 18. Bb5 Be4 19. Nd2 Bd5 20.
Be2 Qb4 21. Qxb4 Nxb4 22. a3 Nc2 23. Nf3 Bb3 24. Rd3 Ba4 25. Bd1 Nxe3 26.
Rxc8 Rxc8 27. Bxa4 Rc1+ 28. Kh2 Nf1+ 29. Kg1 Nd2+ 30. Kh2 Nxf3+ 31. gxf3
Rc4 32. Bb3 Rxd4 33. Rxd4 Bxd4 34. Bd5 Bxb2 35. Bxb7 Bxa3 36. Kg3 Bc5 37.
Ba6 Kg7 38. f4 Kf6 39. f3 h6 40. h4 h5 41. Bc4 a5 42. Bb3 Bd6 43. Ba4 Kg7
44. Bb3 f6 45. Ba4 g5 46. hxg5 fxg5 47. Kh3 Bxf4 48. Bb3 Kf6 49. Ba4 Ke5
50. Be8 h4 51. Kg4 Kd4 52. Kh3 e5 53. Kg2 Kc3 54. Kf2 Kb4 55. Bd7 a4 56.
Ke2 a3 57. Be6 Kc3 58. Kd1 Kb2 59. Ke2 a2 60. Bxa2 Kxa2 { White resigns }
0-1

[Event "ICC tourney 2605 (40 5)"]
[Site "Internet Chess Club"]
[Date "2021.06.13"]
[Round "5"]
[White "ZHU, JENNY:K09-15942700"]
[Black "CLEM, THOMAS:K09-15706482"]
[Result "0-1"]
[ICCResult "White forfeits on time"]
[WhiteElo "1959"]
[BlackElo "891"]
[Opening "QGD: exchange, positional line"]
[ECO "D35"]
[NIC "QO.16"]
[Time "14:00:10"]
[PlyCount "72"]
[TimeControl "2400+5"]

1. d4 d5 2. c4 e6 3. Nc3 Nf6 4. cxd5 exd5 5. Bg5 Be7 6. Qc2 h6 7. Bh4 O-O
8. e3 Nc6 9. a3 Be6 10. Bd3 Na5 11. Nge2 c6 12. O-O b5 13. f3 Nc4 14. Bf2
Nd6 15. b3 a5 16. Nf4 Qd7 17. Rae1 a4 18. bxa4 Nc4 19. axb5 cxb5 20. Nxe6
fxe6 21. Bxc4 bxc4 22. e4 Rxa3 23. exd5 Nxd5 24. Nxd5 exd5 25. Re3 Rxe3 26.
Bxe3 Bf6 27. Rb1 Ra8 28. Qb2 Qf5 29. Rd1 Bg5 30. Bxg5 Qxg5 31. Qc3 Ra2 32.
g3 Qh5 33. h4 Qf5 34. Qe3 Qc2 35. Qe8+ Kh7 36. Rd2 Qxd2 { White forfeits on
time } 0-1

[Event "ICC tourney 2605 (40 5)"]
[Site "Internet Chess Club"]
[Date "2021.06.13"]
[Round "5"]
[White "LU, JASON:K09-15264313"]
[Black "NAVEEN, AARUSH:K09-16031675"]
[Result "1/2-1/2"]
[ICCResult "Game drawn by repetition"]
[WhiteElo "2192"]
[BlackElo "1693"]
[Opening "Sicilian: Najdorf, Adams attack"]
[ECO "B90"]
[NIC "SI.14"]
[Time "14:00:13"]
[PlyCount "171"]
[TimeControl "2400+5"]

1. e4 c5 2. Nf3 d6 3. d4 cxd4 4. Nxd4 Nf6 5. Nc3 a6 6. h3 e5 7. Nde2 h5 8.
g3 Be6 9. Bg2 b5 10. Bg5 Be7 11. Bxf6 Bxf6 12. Nd5 Bxd5 13. Qxd5 Ra7 14.
Rd1 Be7 15. h4 Rc7 16. c3 Nd7 17. O-O Nf6 18. Qd3 O-O 19. a4 Qd7 20. axb5
axb5 21. Ra1 Rb8 22. b3 Qe6 23. Rfb1 Nd7 24. Rb2 Nc5 25. Qc2 Rbb7 26. Rd1
b4 27. c4 Ra7 28. Rbb1 Ra3 29. Kh1 Rca7 30. Rb2 Qg4 31. f3 Qg6 32. Qd2 Nxb3
33. Qxb4 Nd4 34. Kh2 Nxe2 35. Rxe2 Ra2 36. Rdd2 Ra1 37. Rd1 Rxd1 38. Qb8+
Kh7 39. Qxa7 Qe6 40. Rc2 Bf6 41. Bh3 Qe7 42. Qe3 Qb7 43. Qe2 Qb1 44. Bg2
Re1 45. Qd2 Qd1 46. Qf2 Be7 47. Rd2 Qc1 48. Rc2 Qe3 49. Qxe3 Rxe3 50. Kg1
f6 51. Kf2 Rd3 52. Ke2 Rd4 53. Bh3 Kg6 54. Bf5+ Kf7 55. Bd7 g5 56. Bf5 Kg7
57. Rc1 gxh4 58. gxh4 Kf7 59. Bd7 f5 60. Bxf5 Bxh4 61. Rh1 Bg5 62. Rxh5 Bf4
63. Rh7+ Kf6 64. Rc7 Rd2+ 65. Ke1 Rd3 66. Rd7 Rd4 67. Ke2 Rd2+ 68. Kf1 Rd4
69. Bg4 Rxc4 70. Rxd6+ Ke7 71. Re6+ Kf8 72. Ra6 Rc1+ 73. Ke2 Rc3 74. Ra7
Rb3 75. Bh5 Re3+ 76. Kf2 Rc3 77. Rb7 Rc2+ 78. Kf1 Rc1+ 79. Kg2 Ra1 80. Kh3
Rg1 81. Kh4 Bg5+ 82. Kh3 Bf4 83. Kh4 Bg5+ 84. Kh3 Bf4 85. Kh4 Bg5+ 86. Kh3
{ Game drawn by repetition } 1/2-1/2

[Event "ICC tourney 2605 (40 5)"]
[Site "Internet Chess Club"]
[Date "2021.06.13"]
[Round "5"]
[White "SCHOENBAUER, JAKE:K09-16875594"]
[Black "COLOMBO, DOMINIC:K09-14933967"]
[Result "1-0"]
[ICCResult "Black checkmated"]
[WhiteElo "1299"]
[BlackElo "1960"]
[Opening "Sicilian: closed"]
[ECO "B23"]
[NIC "SI.44"]
[Time "14:00:17"]
[PlyCount "129"]
[TimeControl "2400+5"]

1. e4 c5 2. Nc3 a6 3. f4 b5 4. Nf3 Bb7 5. d4 cxd4 6. Qxd4 Nc6 7. Qf2 e6 8.
a3 Nf6 9. e5 Ng4 10. Qg3 Nh6 11. Bd3 b4 12. axb4 Nxb4 13. Be3 Nxd3+ 14.
cxd3 Nf5 15. Qf2 Be7 16. Bb6 Qb8 17. O-O Bxf3 18. gxf3 d6 19. exd6 Bxd6 20.
Ne4 Be7 21. Rac1 O-O 22. Rc4 Bd8 23. Bc5 Re8 24. Qg2 Kh8 25. Ng5 Kg8 26.
Ne4 h6 27. Kh1 Kh7 28. Rg1 Rg8 29. Qg4 g6 30. Qh3 Kg7 31. Bb4 h5 32. Qxh5
Qxf4 33. Bc3+ e5 34. Qg4 Bf6 35. Qxf4 exf4 36. Nxf6 Kf8 37. Nd7+ Ke7 38.
Ne5 Ne3 39. Re4 Kd6 40. Nxf7+ Kc7 41. Be5+ Kd7 42. Bxf4 Nf5 43. Ne5+ Kc8
44. Rxg6 Rd8 45. Rc4+ Kb7 46. Rf6 Nd4 47. Rf7+ Kb6 48. Be3 Kb5 49. Rxd4
Rxd4 50. Bxd4 Rd8 51. Rd7 Rf8 52. Kg2 a5 53. Bc3 a4 54. Ra7 Kc5 55. Nd7+
Kb5 56. Nxf8 a3 57. bxa3 Kb6 58. Bd4+ Kb5 59. h4 Kc6 60. h5 Kb5 61. h6 Kc6
62. h7 Kb5 63. h8=Q Kc6 64. Qf6+ Kb5 65. Qb6# { Black checkmated } 1-0

[Event "ICC tourney 2605 (40 5)"]
[Site "Internet Chess Club"]
[Date "2021.06.13"]
[Round "5"]
[White "STONE, VINCENT WILLIAM:K09-15537233"]
[Black "KROTOV, DAMIAN:K09-17105641"]
[Result "1-0"]
[ICCResult "Black checkmated"]
[WhiteElo "2075"]
[BlackElo "1819"]
[Opening "Caro-Kann: classical, Spassky variation"]
[ECO "B19"]
[NIC "CK.12"]
[Time "14:00:15"]
[PlyCount "95"]
[TimeControl "2400+5"]

1. e4 c6 2. d4 d5 3. Nd2 dxe4 4. Nxe4 Bf5 5. Ng3 Bg6 6. h4 h6 7. Nf3 Nd7 8.
h5 Bh7 9. Bd3 Bxd3 10. Qxd3 e6 11. Bd2 Ngf6 12. O-O-O Be7 13. Kb1 Qb6 14.
c4 O-O 15. Ne4 Nxe4 16. Qxe4 Nf6 17. Qe2 Rad8 18. g4 c5 19. g5 hxg5 20.
Bxg5 cxd4 21. h6 d3 22. Rxd3 Rxd3 23. Qxd3 Qd8 24. Qc2 g6 25. h7+ Nxh7 26.
Bh6 Re8 27. Ne5 Bg5 28. Ng4 Bxh6 29. Nxh6+ Kg7 30. Nxf7 Qf6 31. Nd6 Re7 32.
Qd2 Ng5 33. f4 Nf7 34. Qh2 g5 35. fxg5 Qg6+ 36. Ka1 e5 37. Nxf7 Kxf7 38.
Rf1+ Ke8 39. Qh8+ Kd7 40. Rd1+ Kc6 41. Qc8+ Rc7 42. Qd8 Qe6 43. g6 b6 44.
Qa8+ Kc5 45. Qe4 Rg7 46. Rd5+ Kb4 47. Rb5+ Ka4 48. Qc2# { Black checkmated
} 1-0

[Event "ICC tourney 2605 (40 5)"]
[Site "Internet Chess Club"]
[Date "2021.06.13"]
[Round "5"]
[White "SHRIGADI, ARYAN:K09-15491764"]
[Black "RAJARAM, ANIKA:K09-15446678"]
[Result "1/2-1/2"]
[ICCResult "Game drawn by repetition"]
[WhiteElo "1454"]
[BlackElo "1858"]
[Opening "Sicilian defense"]
[ECO "B44"]
[NIC "SI.39"]
[Time "14:00:11"]
[PlyCount "182"]
[TimeControl "2400+5"]

1. e4 c5 2. Nf3 e6 3. d4 cxd4 4. Nxd4 Nc6 5. a3 Qc7 6. Be3 Nf6 7. Nc3 a6 8.
Be2 Be7 9. O-O O-O 10. Qd2 b5 11. f4 Bb7 12. e5 Nxd4 13. Bxd4 Nd5 14. Nxd5
Bxd5 15. Bf3 Bxf3 16. Rxf3 Rac8 17. c3 d6 18. Raf1 d5 19. f5 exf5 20. Rxf5
Bc5 21. Kh1 Bxd4 22. Qxd4 Qc5 23. Qg4 Qe7 24. h3 Rc4 25. Qd1 Qe6 26. Qd3
Re4 27. Qg3 g6 28. Rf6 Qxe5 29. Qxe5 Rxe5 30. Rxa6 Re2 31. b4 Rc2 32. Rd1
Rd8 33. Rd3 Rc8 34. Rxd5 R8xc3 35. Rxb5 Ra2 36. a4 Rc1+ 37. Kh2 Rcc2 38.
Rg5 Rcb2 39. b5 Kg7 40. b6 h6 41. Rg3 Rb4 42. a5 Rb5 43. Rf3 Raxa5 44. Rxa5
Rxa5 45. Rb3 Ra8 46. Kg3 Kf6 47. Kf4 Ke6 48. Ke4 Rb8 49. b7 f5+ 50. Kd4 Kd6
51. Rb6+ Kc7 52. Rb1 Kd6 53. Rb6+ Kc7 54. Rxg6 Kxb7 55. Rxh6 Rg8 56. Ke5
Rxg2 57. Kxf5 Kc7 58. h4 Kd7 59. Rh7+ Ke8 60. h5 Kf8 61. Rh6 Kg7 62. Rg6+
Rxg6 63. hxg6 Kg8 64. Kg5 Kg7 65. Kf5 Kg8 66. Kf6 Kf8 67. Ke6 Kg7 68. Kf5
Kg8 69. Kg4 Kg7 70. Kh5 Kg8 71. Kh6 Kh8 72. Kg5 Kg7 73. Kf5 Kg8 74. Kf6 Kf8
75. Ke5 Kg7 76. Kf5 Kg8 77. Kf6 Kf8 78. Kg5 Kg7 79. Kf5 Kg8 80. Ke6 Kg7 81.
Kf5 Kg8 82. Kf6 Kf8 83. Ke5 Kg7 84. Kf5 Kg8 85. Kf6 Kf8 86. Kg5 Kg7 87. Kh5
Kg8 88. Kh6 Kh8 89. Kg5 Kg7 90. Kf5 Kg8 91. Ke6 Kg7 { Game drawn by
repetition } 1/2-1/2

[Event "ICC tourney 2605 (40 5)"]
[Site "Internet Chess Club"]
[Date "2021.06.13"]
[Round "5"]
[White "SINGH, HERSH:K09-15024326"]
[Black "LUO, TERRY:K09-15210186"]
[Result "1-0"]
[ICCResult "Black checkmated"]
[WhiteElo "2251"]
[BlackElo "2232"]
[Opening "King's Indian: Kramer system"]
[ECO "E70"]
[NIC "KI.52"]
[Time "14:00:16"]
[PlyCount "255"]
[TimeControl "2400+5"]

1. d4 Nf6 2. c4 g6 3. Nc3 Bg7 4. e4 d6 5. Nge2 O-O 6. f3 c5 7. d5 e6 8. Ng3
exd5 9. cxd5 Re8 10. Be2 Nbd7 11. O-O a6 12. a4 Rb8 13. h3 h5 14. Bg5 Qc7
15. Qd2 c4 16. Rab1 b5 17. axb5 axb5 18. b4 cxb3 19. Rxb3 b4 20. Na2 Nc5
21. Rxb4 Nb3 22. Qe1 Bd7 23. Rxb8 Rxb8 24. Be3 h4 25. Nh1 Nxd5 26. exd5 Re8
27. Bf2 Bb5 28. Qb4 Bxe2 29. Re1 Nc5 30. Nc1 Rb8 31. Qxh4 Ba6 32. Ng3 Nd7
33. Ne4 Rb1 34. Be3 Bb7 35. Qg5 Rb5 36. Rd1 Qc2 37. Qd8+ Nf8 38. Re1 Rxd5
39. Nf6+ Bxf6 40. Qxf6 Qf5 41. Qe7 Bc6 42. Bh6 Nd7 43. Qd8+ Kh7 44. Be3 Ne5
45. Qh4+ Qh5 46. Qf6 Nxf3+ 47. Qxf3 Qxf3 48. gxf3 Rf5 49. f4 Be4 50. Ne2
Ra5 51. Ng3 Bc6 52. Re2 Ra1+ 53. Kf2 Ra4 54. Rc2 Bd7 55. h4 Be6 56. Rd2 d5
57. Bd4 Bg4 58. Be3 Be6 59. Rd4 Ra2+ 60. Bd2 Kg7 61. Ke3 Ra3+ 62. Rd3 Ra4
63. Bc3+ f6 64. Bd4 Ra6 65. Rc3 Bf7 66. Rb3 Rc6 67. Rb6 Rxb6 68. Bxb6 Be6
69. Kd4 Bf7 70. Bd8 Be6 71. Ne2 g5 72. hxg5 fxg5 73. Bxg5 Kg6 74. Ke5 Bc8
75. Kxd5 Kf5 76. Nd4+ Kg4 77. Ke5 Kh5 78. Kf6 Kg4 79. Ne6 Bb7 80. Ke5 Kh5
81. f5 Ba6 82. Bf4 Bd3 83. Ng7+ Kh4 84. f6 Bg6 85. Bh6 Kg4 86. Bd2 Kf3 87.
Nf5 Kg4 88. Ne7 Bf7 89. Nc8 Kf3 90. Nd6 Bg6 91. Ke6 Kg4 92. Ke7 Bh5 93. Kf8
Kh4 94. Kg7 Kg4 95. Bc1 Kh4 96. Nf5+ Kg4 97. Ne7 Be8 98. Nc8 Kh4 99. Nd6
Bh5 100. f7 Bxf7 101. Kxf7 Kh3 102. Kf6 Kg2 103. Kf5 Kf3 104. Bf4 Ke2 105.
Ke4 Kf1 106. Kf3 Kg1 107. Ne4 Kf1 108. Bg3 Kg1 109. Nf6 Kf1 110. Ng4 Kg1
111. Bf4 Kh1 112. Nf2+ Kg1 113. Bg3 Kf1 114. Bh2 Ke1 115. Ne4 Kf1 116. Nd2+
Ke1 117. Ke3 Kd1 118. Kd3 Ke1 119. Bg3+ Kd1 120. Nc4 Kc1 121. Kc3 Kd1 122.
Kd3 Kc1 123. Bf2 Kb1 124. Be3 Ka2 125. Kc2 Ka1 126. Kb3 Kb1 127. Na3+ Ka1
128. Bd4# { Black checkmated } 1-0

[Event "ICC tourney 2605 (40 5)"]
[Site "Internet Chess Club"]
[Date "2021.06.13"]
[Round "6"]
[White "SINGH, HERSH:K09-15024326"]
[Black "MAHAJAN, RUSHAAN:K09-15449416"]
[Result "1-0"]
[ICCResult "Black resigns"]
[WhiteElo "2251"]
[BlackElo "2209"]
[Opening "Catalan opening"]
[ECO "E00"]
[NIC "CA.01"]
[Time "17:00:05"]
[PlyCount "51"]
[TimeControl "2400+5"]

1. d4 Nf6 2. c4 e6 3. g3 d5 4. Nf3 Bb4+ 5. Bd2 Bd6 6. Nc3 c6 7. Qc2 Nbd7 8.
e4 dxe4 9. Nxe4 Nxe4 10. Qxe4 Nf6 11. Qc2 c5 12. Bc3 b6 13. Bg2 Bb7 14. O-O
O-O 15. dxc5 Bxc5 16. Ng5 Ne4 17. Nxe4 f5 18. Nxc5 Bxg2 19. Kxg2 bxc5 20.
Qe2 Qb6 21. Rad1 Qb7+ 22. Kg1 Rfd8 23. Qxe6+ Kh8 24. Qxf5 Rf8 25. Qg4 Qf7
26. Rd7 { Black resigns } 1-0

[Event "ICC tourney 2605 (40 5)"]
[Site "Internet Chess Club"]
[Date "2021.06.13"]
[Round "6"]
[White "KROTOV, DAMIAN:K09-17105641"]
[Black "SHRIGADI, ARYAN:K09-15491764"]
[Result "1-0"]
[ICCResult "Black checkmated"]
[WhiteElo "1819"]
[BlackElo "1454"]
[Opening "QGD semi-Slav"]
[ECO "D43"]
[NIC "SL.03"]
[Time "17:00:14"]
[PlyCount "59"]
[TimeControl "2400+5"]

1. d4 d5 2. c4 c6 3. Nf3 Nf6 4. Nc3 e6 5. g3 dxc4 6. a4 Bb4 7. Bg2 Nd5 8.
Qc2 O-O 9. O-O Nd7 10. e4 N5f6 11. Rd1 Qc7 12. Bf4 Qb6 13. e5 Nd5 14. Ng5
g6 15. Nxd5 cxd5 16. Qe2 Be7 17. h4 Qd8 18. Bf3 h6 19. Nh3 Bxh4 20. gxh4
Qxh4 21. Bg3 Qe7 22. Kg2 Kh7 23. Rh1 f5 24. Qd2 Kg7 25. Rag1 g5 26. Kf1 b5
27. Bh4 bxa4 28. Nxg5 hxg5 29. Bxg5 Qf7 30. Bf6# { Black checkmated } 1-0

[Event "ICC tourney 2605 (40 5)"]
[Site "Internet Chess Club"]
[Date "2021.06.13"]
[Round "6"]
[White "EISENBRAUN, TYLER:K09-30031250"]
[Black "MULPURI, PARTHIV KUMAR:K09-16906012"]
[Result "1-0"]
[ICCResult "Black resigns"]
[WhiteElo "472"]
[BlackElo "1006"]
[Opening "Réti opening"]
[ECO "A04"]
[NIC "QP.11"]
[Time "17:00:08"]
[PlyCount "79"]
[TimeControl "2400+5"]

1. Nf3 Nc6 2. g3 e5 3. d3 d6 4. Bg2 Nf6 5. O-O Bd7 6. Bg5 Be7 7. Nc3 h6 8.
Bxf6 Bxf6 9. e4 Qc8 10. Re1 Bh3 11. Bxh3 Qxh3 12. a3 O-O 13. Nd5 Bd8 14. d4
exd4 15. Nxd4 Ne7 16. Nf4 Qd7 17. b4 Nc6 18. Nf5 Bg5 19. Nh3 g6 20. Nxg5
hxg5 21. Nh6+ Kg7 22. Ng4 Rh8 23. e5 Rae8 24. Nf6 Qh3 25. Nxe8+ Kf8 26.
Nxd6 Qxh2+ 27. Kf1 Qh1+ 28. Ke2 Qh5+ 29. Kd2 Qxd1+ 30. Raxd1 cxd6 31. exd6
Kg7 32. Ke3 Rd8 33. Kf3 f5 34. b5 Na5 35. Re7+ Kh6 36. d7 g4+ 37. Kf4 Nc4
38. Re8 g5+ 39. Kxf5 Rxe8 40. dxe8=Q { Black resigns } 1-0

[Event "ICC tourney 2605 (40 5)"]
[Site "Internet Chess Club"]
[Date "2021.06.13"]
[Round "6"]
[White "MARTIN, DREW:K09-16062286"]
[Black "FENTON, SETH AUSTIN:K09-15344035"]
[Result "1-0"]
[ICCResult "Black resigns"]
[WhiteElo "1903"]
[BlackElo "1690"]
[Opening "Sicilian: Richter-Rauzer, Rauzer attack, 7...Be7"]
[ECO "B63"]
[NIC "SI.27"]
[Time "17:00:08"]
[PlyCount "114"]
[TimeControl "2400+5"]

1. e4 c5 2. Nf3 d6 3. d4 cxd4 4. Nxd4 Nf6 5. Nc3 Nc6 6. Bg5 e6 7. Qd2 Be7
8. O-O-O a6 9. f3 h6 10. Be3 d5 11. exd5 Nxd5 12. Nxc6 bxc6 13. Nxd5 cxd5
14. Bd4 Bf6 15. Qc3 Bd7 16. Bxf6 Qxf6 17. Qxf6 gxf6 18. b3 Ke7 19. Kb2 Rhc8
20. Bd3 Bb5 21. Rhe1 Bxd3 22. Rxd3 Rc7 23. Rxd5 Rac8 24. c4 Kf8 25. Rd6 Ra7
26. Red1 Ke7 27. Kc3 a5 28. Kb2 a4 29. R1d2 axb3 30. axb3 Rb7 31. Kc3 Rcb8
32. b4 Ra8 33. c5 Ra3+ 34. Kc4 Ra4 35. Rb6 Rc7 36. c6 Ra1 37. Rb7 Rc1+ 38.
Kb5 Rxc6 39. Rxc7+ Rxc7 40. Kb6 Rc4 41. b5 Rb4 42. Kc6 Rc4+ 43. Kb7 Rb4 44.
b6 Rb1 45. Kc7 Rc1+ 46. Kb8 Rb1 47. b7 Ra1 48. Rc2 Kd7 49. Rc7+ Kd8 50.
Rxf7 f5 51. Rh7 Rb1 52. Rxh6 Kd7 53. Rh7+ Kc6 54. Kc8 Kd6 55. b8=Q+ Rxb8+
56. Kxb8 Ke5 57. Re7 Kf6 { Black resigns } 1-0

[Event "ICC tourney 2605 (40 5)"]
[Site "Internet Chess Club"]
[Date "2021.06.13"]
[Round "6"]
[White "CLEM, THOMAS:K09-15706482"]
[Black "MAHESHWARI, JAYANT:K09-14966376"]
[Result "0-1"]
[ICCResult "White checkmated"]
[WhiteElo "891"]
[BlackElo "2059"]
[Opening "Giuoco Piano"]
[ECO "C54"]
[NIC "IG.02"]
[Time "17:00:10"]
[PlyCount "60"]
[TimeControl "2400+5"]

1. e4 e5 2. Nf3 Nc6 3. Bc4 Bc5 4. c3 Nf6 5. d4 exd4 6. cxd4 Bb4+ 7. Nc3
Nxe4 8. O-O Bxc3 9. bxc3 d5 10. Bb5 O-O 11. Bb2 Bg4 12. h3 Bxf3 13. Qxf3
Nd2 14. Qh5 Nxf1 15. Bd3 g6 16. Qe2 Qd6 17. Rxf1 Rfe8 18. Qg4 Re7 19. c4
Rae8 20. Qf3 Qb4 21. cxd5 Nxd4 22. Bxd4 Qxd4 23. Kh2 Re5 24. Qg4 Qxd3 25.
Rd1 Qf5 26. Qc4 b5 27. Qxc7 Qf4+ 28. g3 Qxf2+ 29. Kh1 Re1+ 30. Rxe1 Rxe1# {
White checkmated } 0-1

[Event "ICC tourney 2605 (40 5)"]
[Site "Internet Chess Club"]
[Date "2021.06.13"]
[Round "6"]
[White "MENON, GAURI:K09-15187152"]
[Black "UPPATHIL, ADITHYA SATISH:K09-30062860"]
[Result "1-0"]
[ICCResult "Black checkmated"]
[WhiteElo "1960"]
[BlackElo "1667"]
[Opening "Réti opening"]
[ECO "A05"]
[NIC "QP.11"]
[Time "17:00:10"]
[PlyCount "103"]
[TimeControl "2400+5"]

1. Nf3 Nf6 2. g3 c6 3. Bg2 d5 4. d4 Bf5 5. O-O e6 6. c4 Bd6 7. cxd5 exd5 8.
Nc3 Qd7 9. a3 h6 10. b4 Na6 11. Qb3 Nc7 12. a4 Bh3 13. Ba3 a5 14. bxa5 Bxa3
15. Rxa3 Bxg2 16. Kxg2 Rb8 17. Qb6 g5 18. Ne5 Qd6 19. Rb3 O-O 20. Rfb1 Nd7
21. Nxd7 Qxd7 22. e3 h5 23. Qc5 h4 24. f3 Na6 25. Qa7 h3+ 26. Kf2 Ra8 27.
Qxb7 Qxb7 28. Rxb7 Rfb8 29. Rxb8+ Rxb8 30. Rxb8+ Nxb8 31. g4 Kf8 32. e4
dxe4 33. fxe4 Ke7 34. Kg3 Kd6 35. Kxh3 c5 36. dxc5+ Kxc5 37. Nb5 Kb4 38.
Nd6 Kxa5 39. Nxf7 Kxa4 40. Nxg5 Kb5 41. Kh4 Kc6 42. Kh5 Nd7 43. Kg6 Kd6 44.
h4 Ne5+ 45. Kf5 Nd7 46. h5 Ke7 47. h6 Kf8 48. e5 Kg8 49. e6 Nf8 50. e7 Ng6
51. Kxg6 Kh8 52. e8=Q# { Black checkmated } 1-0

[Event "ICC tourney 2605 (40 5)"]
[Site "Internet Chess Club"]
[Date "2021.06.13"]
[Round "6"]
[White "MEI, AUSTIN R:K09-16090452"]
[Black "LU, JASON:K09-15264313"]
[Result "1-0"]
[ICCResult "Black resigns"]
[WhiteElo "2149"]
[BlackElo "2192"]
[Opening "Sicilian: Prins variation, Venice attack"]
[ECO "B55"]
[NIC "SI.01"]
[Time "17:00:07"]
[PlyCount "79"]
[TimeControl "2400+5"]

1. e4 c5 2. Nf3 d6 3. d4 cxd4 4. Nxd4 Nf6 5. f3 e5 6. Bb5+ Bd7 7. Bxd7+
Qxd7 8. Nf5 d5 9. Bg5 dxe4 10. Bxf6 gxf6 11. fxe4 Qxd1+ 12. Kxd1 Nc6 13. c3
O-O-O+ 14. Kc2 Rg8 15. g3 Ne7 16. Nxe7+ Bxe7 17. Nd2 Rd7 18. Rad1 Rgd8 19.
Nf3 Rxd1 20. Rxd1 Rxd1 21. Kxd1 Kd7 22. Nh4 Bc5 23. Nf5 a6 24. Ke2 Bg1 25.
h3 Bc5 26. Kd3 Bf2 27. g4 Bc5 28. Kc4 Kc6 29. b4 Bf8 30. a4 Kc7 31. Ne3 Bg7
32. Nd5+ Kd6 33. Kd3 a5 34. Kc4 axb4 35. cxb4 Kc6 36. b5+ Kd6 37. a5 Kd7
38. Kc5 Kd8 39. Kb6 Kc8 40. a6 { Black resigns } 1-0

[Event "ICC tourney 2605 (40 5)"]
[Site "Internet Chess Club"]
[Date "2021.06.13"]
[Round "6"]
[White "XIONG, LANG:K09-16344675"]
[Black "MALLADI, SADKRITH:K09-15797710"]
[Result "1/2-1/2"]
[ICCResult "Game drawn by mutual agreement"]
[WhiteElo "1786"]
[BlackElo "1897"]
[Opening "QGD Slav: 3.Nf3"]
[ECO "D11"]
[NIC "SL.01"]
[Time "17:00:05"]
[PlyCount "84"]
[TimeControl "2400+5"]

1. d4 d5 2. c4 c6 3. Nf3 Nf6 4. g3 dxc4 5. Bg2 Bf5 6. Ne5 e6 7. Nxc4 Be7 8.
O-O O-O 9. Nc3 Bg6 10. e4 Bb4 11. Re1 Nbd7 12. a3 Be7 13. d5 cxd5 14. exd5
exd5 15. Nxd5 Nxd5 16. Qxd5 Nc5 17. Qxd8 Bxd8 18. Be3 Nd3 19. Red1 Bf6 20.
Bf1 Nxb2 21. Nxb2 Bxb2 22. Ra2 Bf6 23. Bg2 Rad8 24. Rad2 Rxd2 25. Rxd2 b6
26. Rd7 Rd8 27. Rxa7 h6 28. h4 Bd4 29. Bxd4 Rxd4 30. Rb7 Ra4 31. Rxb6 Rxa3
32. Bd5 Kh7 33. Kg2 f6 34. g4 h5 35. f3 Ra4 36. Kg3 hxg4 37. fxg4 Ra3+ 38.
Rb3 Rxb3+ 39. Bxb3 Bd3 40. Kf4 Kh6 41. Ke3 Bb1 42. Be6 f5 { Game drawn by
mutual agreement } 1/2-1/2